 Dungeon Sprint DCSS version 0.18.1-48-g4cf74bf (webtiles) character file.

431 Deeps the Protected (level 6, -6/63 HPs)
             Began as a Minotaur Fighter on Aug 17, 2016.
             Was an Initiate of Okawaru.
             Mangled by a slime creature (14 damage)
             ... in the Dungeon (Sprint I: "Red Sonja").
             The game lasted 00:01:17 (498 turns).

Deeps the Protected (Minotaur Fighter)               Turns: 498, Time: 00:01:18

Health: -6/63      AC:  8    Str: 22    XL:     6   Next: 67%
Magic:  5/5        EV:  8    Int:  5    God:    Okawaru [......]
Gold:   297        SH: 11    Dex: 10    Spells: 0 memorised, 5 levels left

rFire  . . .     SeeInvis .     a - +0 war axe
rCold  . . .     Gourm    .     b - +0 scale mail
rNeg   . . .     Faith    .     c - +0 shield
rPois  .         Spirit   .     (helmet restricted)
rElec  .         Dismiss  .     (no cloak)
rCorr  .         Reflect  .     (no gloves)
SustAt .         Harm     .     (no boots)
MR     .....     NoTele   +     (no amulet)
Stlth  ..........               (no ring)
                                (no ring)

@: not resistant to hostile enchantments, extremely unstealthy
A: retaliatory headbutt, horns 2
a: Renounce Religion


You were in the Dungeon.
You worshipped Okawaru.
Okawaru was noncommittal.
You were not hungry.

You visited 1 branch You collected 297 gold pieces.

Inventory:

Hand Weapons
 a - a +0 war axe (weapon)
Armour
 b - a +0 scale mail (worn)
 c - a +0 shield (worn)
Scrolls
 k - a scroll of blinking
Potions
 d - a potion of might
 e - a potion of curing
 h - a potion of haste
 i - 2 potions of magic
 j - a potion of berserk rage
Books
 g - a book of Cantrips

   Spells                             Type                      Level
   a - Corona                         Hexes                        1
   b - Animate Skeleton               Necromancy                   1
   c - Summon Small Mammal            Summoning                    1
   d - Apportation                    Translocation                1
Comestibles
 f - a bread ration


   Skills:
 + Level 9.3 Fighting
 + Level 8.9 Axes
 + Level 9.5 Armour
 + Level 9.3 Shields


You had 5 spell levels left.
You didn't know any spells.

Dungeon Overview and Level Annotations

Branches:
Dungeon (1/1)

Altars:
Elyvilon
Fedhas
Gozag
Kikubaaqudgha
Makhleb
Nemelex Xobeh
Okawaru
Pakellas
Qazlal
Ru
Sif Muna
Trog
Vehumet
Xom
Yredelemnul
Zin
The Shining One
Jiyva

Shops:
D (


Innate Abilities, Weirdness & Mutations

You reflexively headbutt those who attack you in melee.
You have a pair of horns on your head.


Message History

The slime creature quivers.
The slime creature moves out of view.
Found a viscous altar of Jiyva and a blossoming altar of Fedhas.
You slice the slime creature!! You headbutt the slime creature!
The slime creature is heavily wounded.
The slime creature barely misses you. You furiously retaliate!
You headbutt the slime creature! You barely miss the slime creature.
The slime creature is severely wounded.
The slime creature hits you!
You slash the slime creature!
The slime creature is almost dead.
The slime creature hits you!
* * * LOW HITPOINT WARNING * * *
Drink which item? (? for menu, Esc to quit)
Okay, then.
You slash the slime creature!
The slime creature is almost dead.
The slime creature hits you!
You die...

###################
#<.#..').#.)'..#__#
#..').#..'..#..J..+
#..#####'#####@#
#..####..#...#.#
#..#__####..##(#
#..#_.___##'#..+
#⌠⌠#_.∩...'..._#
####_..._##_.#+#
#_____###+# #######


You could see a slime creature.

Vanquished Creatures
  A yak (D)
  Sigmund (D)
  An ogre (D)
  A jelly (D)
  Ijyb (D)
5 creatures vanquished.

Notes
Turn   | Place    | Note
--------------------------------------------------------------
     0 | D        | Deeps the Minotaur Fighter began the quest for the Orb.
     0 | D        | Reached XP level 1. HP: 19/19 MP: 0/0
     1 | D        | Noticed Ijyb
     6 | D        | Killed Ijyb
     6 | D        | Reached skill level 5 in Fighting
     6 | D        | Reached skill level 5 in Armour
     6 | D        | Reached XP level 2. HP: 29/29 MP: 1/1
     9 | D        | Noticed an ogre
    13 | D        | Killed an ogre
    13 | D        | Reached skill level 5 in Axes
    13 | D        | Reached XP level 3. HP: 20/38 MP: 2/2
    13 | D        | Reached XP level 4. HP: 23/45 MP: 3/3
   162 | D        | Noticed Sigmund
   176 | D        | HP: 1/45 [something (10)]
   179 | D        | Killed Sigmund
   179 | D        | Reached XP level 5. HP: 12/53 MP: 4/4
   430 | D        | Found a deep blue altar of Sif Muna.
   432 | D        | Found a radiant altar of Vehumet.
   435 | D        | Reached XP level 6. HP: 59/62 MP: 5/5
   455 | D        | Found Refeko's Weapon Emporium.
   455 | D        | Found a white marble altar of Elyvilon.
   455 | D        | Found a stormy altar of Qazlal.
   455 | D        | Found a burning altar of Makhleb.
   455 | D        | Found a sacrificial altar of Ru.
   455 | D        | Found an oddly glowing altar of Pakellas.
   455 | D        | Found a basalt altar of Yredelemnul.
   455 | D        | Found a glowing golden altar of the Shining One.
   455 | D        | Found a sparkling altar of Nemelex Xobeh.
   455 | D        | Found a shimmering altar of Xom.
   455 | D        | Found an opulent altar of Gozag.
   455 | D        | Found an ancient bone altar of Kikubaaqudgha.
   455 | D        | Found a glowing silver altar of Zin.
   455 | D        | Noticed a yak
   471 | D        | Killed a yak
   472 | D        | Found an iron altar of Okawaru.
   473 | D        | Found a bloodstained altar of Trog.
   478 | D        | Became a worshipper of Warmaster Okawaru
   494 | D        | Found a viscous altar of Jiyva.
   494 | D        | Found a blossoming altar of Fedhas.
   494 | D        | Noticed a slime creature
   498 | D        | Mangled by a slime creature

Skill      XL: |  1  2  3  4  5  6 |
---------------+-------------------+-----
Fighting       | 5 6 8 9 |  9.3
Axes           | 4 5 7 8 |  8.9
Armour         | 5 6 8 9 |  9.5
Shields        | 4 6 8 9 |  9.3

Action                   |  1- 3 |  4- 6 || total
-------------------------+-------+-------++-------
Melee: War axe           |     7 |    36 ||    43
       Headbutt          |     3 |     4 ||     7
  Use: Potion            |       |     1 ||     1
Armor: Scale mail        |     3 |     3 ||     6
Dodge: Dodged            |     1 |     8 ||     9
Block: Shield            |     3 |     9 ||    12
